 Dungeon Crawl Stone Soup version 0.27-a0-828-g8289197e94 (webtiles) character file.

Game seed: 12650795576809353063

29 polve the Slasher (level 3, 0/29 HPs)
             Began as a Demonspawn Abyssal Knight on Mar 29, 2021.
             Was a Follower of Lugonu.
             Slain by a ball python (1 damage)
             ... on level 1 of the Dungeon on Mar 30, 2021.
             The game lasted 00:01:39 (967 turns).

polve the Slasher (Demonspawn Abyssal Knight)        Turns: 967, Time: 00:01:39

Health: 0/29       AC:  2    Str: 12    XL:     3   Next: 1%
Magic:  4/4        EV:  8    Int: 14    God:    Lugonu [*.....]
Gold:   6          SH:  0    Dex: 12    Spells: 2/2 levels left

rFire    . . .     SeeInvis .   (no weapon)
rCold    . . .     Faith    .   (no shield)
rNeg     . . .     Spirit   .   (no armour)
rPois    .         Reflect  .   (no helmet)
rElec    .         Harm     .   (no cloak)
rCorr    .         Rampage  .   (no gloves)
Will     .....                  (no boots)
Stlth    +.........             c - amulet of regeneration
HPRegen  1.09/turn              (no ring)
MPRegen  0.09/turn              (no ring)

@: constricted
A: hooves 1, yellow scales 1
a: Renounce Religion, Depart the Abyss


You were on level 1 of the Dungeon.
You worshipped Lugonu.
Lugonu was aware of your devotion.
You visited 1 branch of the dungeon, and saw 1 of its levels.
You visited the Abyss 1 time.

You collected 6 gold pieces.

Inventory:

Hand Weapons
 a - a +1 falchion
Armour
 b - a +0 leather armour
 d - a +0 chain mail
Jewellery
 c - an amulet of regeneration (around neck)
Scrolls
 e - a scroll of blinking {unknown}
 f - 3 scrolls of identify {unknown}


   Skills:
 - Level 3.0 Fighting
 + Level 3.2 Long Blades
 - Level 1.7 Armour
 - Level 0.8 Dodging
 - Level 2.4 Invocations


You had 2 spell levels left.
You didn't know any spells.
Your spell library was empty.

Dungeon Overview and Level Annotations

Branches:
Dungeon (1/15)

Altars:


Innate Abilities, Weirdness & Mutations

You have large cloven feet.
You are partially covered in yellow scales. (AC +2)


Message History

The ball python bites you. The ball python constricts you.
The ball python bites you but does no damage.
The ball python constricts you. The ball python bites you.
* * * LOW HITPOINT WARNING * * *
The ball python constricts you. The ball python barely misses you.
The ball python constricts you. The ball python bites you.
* * * LOW HITPOINT WARNING * * *
x2 The ball python constricts you.
The ball python bites you.
* * * LOW HITPOINT WARNING * * *
x2 The ball python constricts you.
The ball python bites you but does no damage.
* * * LOW HITPOINT WARNING * * *
The ball python constricts you. The ball python bites you.
* * * LOW HITPOINT WARNING * * *
The ball python constricts you. The ball python bites you.
* * * LOW HITPOINT WARNING * * *
The ball python constricts you. The ball python bites you.
* * * LOW HITPOINT WARNING * * *
The ball python constricts you. The ball python barely misses you.
* * * LOW HITPOINT WARNING * * *
The ball python constricts you. The ball python bites you.
* * * LOW HITPOINT WARNING * * *
The ball python constricts you. The ball python closely misses you.
* * * LOW HITPOINT WARNING * * *
The ball python constricts you. The ball python barely misses you.
* * * LOW HITPOINT WARNING * * *
The ball python constricts you.
The ball python bites you but does no damage.
* * * LOW HITPOINT WARNING * * *
The ball python constricts you. The ball python barely misses you.
You die...

.......# ......$. ....
........ .... ........
..... ........ .....
........ ...... ........
......### .†......
......S@###
#..............#...##
#.####.........###..#####
#.####.........# ##.....#
........ ..>...#
#####.###
#......####....##
#...####### ##..##...#
.... ###........ ....#
#..###..###### ##.######
....# #...........#
#.#.....


You could see a ball python.

Vanquished Creatures
  2 dart slugs (D:1)
  2 endoplasms (D:1)
  A giant cockroach (D:1)
  7 goblins (D:1)
  2 quokkas (D:1)
  A bat (D:1)
  2 frilled lizards (D:1)
  2 kobolds (D:1)
  4 rats (D:1)
23 creatures vanquished.

Notes
Turn   | Place    | Note
-------+----------+-------------------------------------------
     0 | Abyss:1  | polve the Demonspawn Abyssal Knight began the quest for the
                  | Orb.
     0 | Abyss:1  | Reached XP level 1. HP: 18/18 MP: 2/2
   119 | Abyss:1  | Noticed a ynoxinul
   137 | Abyss:1  | Noticed an ancient zyme
   166 | Abyss:1  | Noticed a flying skull
   167 | D:1      | Escaped the Abyss
   175 | D:1      | Upgraded the game from 0.27-a0-819-g058290f16d to
                  | 0.27-a0-828-g8289197e94
   447 | D:1      | Gained mutation: You are partially covered in yellow
                  | scales. (AC +2) [demonic ancestry]
   447 | D:1      | Reached XP level 2. HP: 20/21 MP: 3/3
   454 | D:1      | Reached * piety under Lugonu
   673 | D:1      | Gained mutation: You have large cloven feet. [demonic
                  | ancestry]
   673 | D:1      | Reached XP level 3. HP: 29/29 MP: 4/4
   964 | D:1      | HP: 1/29 [ball python (2)]
   967 | D:1      | Slain by a ball python

Illustrated notes

Levels and vault maps discovered:
D:1:      giann_forest_graveyard, layout_rooms, minmay_misc_feat_ornament

Skill      XL: |  1  2 |
---------------+-------+-----
Long Blades    | 2 3 |  3.2
Fighting       | |  3.0
Armour         | |  1.7
Dodging        | |  0.8
Invocations    | |  2.4

Action                   || total
-------------------------++-------
Melee: Falchion          ||    74
Invok: Depart the Abyss  ||     1
  Use: Potion            ||     1
Armor: Chain mail        ||   159
       Leather armour    ||     9
       Skin              ||    43
Dodge: Dodged            ||   138
       Rpst.: Falchion   ||     9

Table legend: (Time is in decaauts)
 A = Elapsed time spent in this place.
 B = Non-inter-level travel time spent in this place.
 C = Inter-level travel time spent in this place.
 D = Time resting spent in this place.
 E = Time spent auto-exploring this place.
 F = Levels seen in this place.
 G = Mean time per level.
                   A        B        C        D        E       F      G
               +--------+--------+--------+--------+--------+-----+--------+
         Total |    979 |    979 |      0 |      0 |    473 |   2 |  489.5 |
       Dungeon |    811 |    811 |      0 |      0 |    353 |   1 |  811.0 |
         Abyss |    168 |    168 |      0 |      0 |    120 |   1 |  168.0 |
               +--------+--------+--------+--------+--------+-----+--------+

Top non-repeatable levels by time:
     D:1: 811 daAuts
 Abyss:1: 168 daAuts
